cohdb
Replays
Latest Replays
All Replays
Popular Replays
Top Player Replays
Match Explorer
How It Works
Community
CoH3 Stats
Reddit
Sign in to upload your games and track your stats! →
Sign in with Steam
Match 45328469
Unlisted
Match 45328469
Overview
Messages
Build Orders
End
Royal Engineer Section
Construct Section Command Post
Selects Indian Artillery Battlegroup
Dingo Light Scout Car
Infantry Section
Infantry Section
Construct Platoon Command Post
Selects Valour
Humber Armored Car
Selects Gurkha Rifles Section
Gurkha Rifles Section
6-pounder Anti-tank Gun Team
CMP 15cwt Truck
Gurkha Rifles Section
Selects Volunteer Infantry
Construct Company Command Post
Selects Artillery Saturation
Foot Guards Section
Selects Off-map Airburst Barrage
DPJ_realy
gorkon (Dingo) ☯
ZeZwott
Jm200092
ST Hélios | No Game No Life
Noobsalive
0
0
Comments
sign in to comment!
No comments posted yet!